 Dungeon Crawl Stone Soup version 0.21-a0-221-gfe971b9 (webtiles) character file.

114 Kidiri the Magician (level 4, -2/24 HPs)
             Began as a Deep Elf Fire Elementalist on Aug 25, 2017.
             Slain by an orc wizard
             ... wielding a +0 dagger
              (4 damage)
             ... on level 3 of the Dungeon.
             The game lasted 00:08:41 (2375 turns).

Kidiri the Magician (Deep Elf Fire Elementalist)    Turns: 2375, Time: 00:08:42

Health: -2/24      AC:  2    Str:  4 (5)  XL:     4   Next: 66%
Magic:  0/13       EV: 13    Int: 18 (21) God:
Gold:   63         SH:  0    Dex: 13 (15) Spells: 4/13 levels left

rFire    . . .     SeeInvis .   n - +0 dagger
rCold    . . .     Gourm    .   (no shield)
rNeg     . . .     Faith    .   a - +0 robe
rPois    .         Spirit   .   (no helmet)
rElec    .         Reflect  .   (no cloak)
rCorr    .         Harm     .   (no gloves)
MR       .....                  (no boots)
Stlth    ++........             (no amulet)
HPRegen  0.08/turn              (no ring)
MPRegen  0.13/turn              (no ring)

@: flying, very slightly contaminated
A: no striking features
a: no special abilities


You were on level 3 of the Dungeon.
You were not hungry.

You visited 1 branch of the dungeon, and saw 3 of its levels.

You collected 63 gold pieces.

Inventory:

Hand Weapons
 n - a +0 dagger (weapon)
Armour
 a - a +0 robe (worn)
Scrolls
 e - a scroll of amnesia
 h - a scroll of immolation
Potions
 j - a potion of flight
Books
 b - a book of Flames

   Spells                             Type                      Level
   a - Flame Tongue                   Conjuration/Fire             1
   b - Throw Flame                    Conjuration/Fire             2
   c - Conjure Flame                  Conjuration/Fire             3
   d - Inner Flame                    Hexes/Fire                   3
   e - Sticky Flame                   Conjuration/Fire             4
   f - Fireball                       Conjuration/Fire             5
Comestibles
 c - 2 bread rations
 d - 7 chunks of flesh
 k - a royal jelly
 l - 2 meat rations


   Skills:
 - Level 2.4 Dodging
 - Level 2.4 Stealth
 * Level 5.0 Spellcasting
 + Level 2.3 Conjurations
 + Level 4.3 Fire Magic


You had 4 spell levels left.
You knew the following spells:

 Your Spells              Type           Power        Failure   Level  Hunger
a - Flame Tongue          Conj/Fire      ###..        3%          1    None
b - Throw Flame           Conj/Fire      ###...       4%          2    #......
c - Conjure Flame         Conj/Fire      ###.....     10%         3    ##.....
d - Inner Flame           Hex/Fire       ##......     16%         3    ##.....


Dungeon Overview and Level Annotations

Branches:
Dungeon (3/15)

Altars:


Message History

Unknown command.
It was a potion of flight.
You feel very buoyant.
You fly up into the air.
The jackal bites you.
* * * LOW HITPOINT WARNING * * *
It was a potion of degeneration.
There was something very wrong with that liquid.
You feel weakened.
You feel dopey.
You feel clumsy.
The jackal bites you but does no damage. x2
You closely miss the jackal.
The jackal bites you but does no damage.
Casting: Flame Tongue
Confirm with . or Enter, or press ? or * to list all spells.
Aiming: Flame Tongue
Press: ? - help, Shift-Dir - straight line, f - jackal
Aim: a jackal The flame tongue hits the jackal.
You kill the jackal!
You hit something but do no damage. Something hits you.
You die...

#........#######
#........#.....#
#......))......#
#.......#......#
#.......#.)....#
#.......##.....#
#.).....# h.#'##
######.......###.#.#
#...##))......@....#
###.#.##.########.#..(..
+........# ... #..
####..###### ##..#
#...>.....# ....
#.#.....#.# ..#.
...#...#.#.### .# ##
#.###.#<..# .#
#.....#...#


There were no monsters in sight!

Vanquished Creatures
  3 adders
  5 worms (D:2)
  4 dart slugs (D:2)
  4 orcs (D:3)
  5 bats
  2 giant cockroaches
  9 hobgoblins
  4 jackals
  6 kobolds
  A frilled lizard (D:3)
  8 goblins
  6 rats
57 creatures vanquished.

Notes
Turn   | Place    | Note
-------+----------+-------------------------------------------
     0 | D:1      | Kidiri the Deep Elf Fire Elementalist began the quest for the Orb.
     0 | D:1      | Reached XP level 1. HP: 10/10 MP: 6/6
   389 | D:1      | Reached XP level 2. HP: 5/15 MP: 6/8
   393 | D:1      | Learned a level 2 spell: Throw Flame
  1426 | D:2      | Reached XP level 3. HP: 19/19 MP: 8/10
  1431 | D:2      | Learned a level 3 spell: Conjure Flame
  1435 | D:2      | Learned a level 3 spell: Inner Flame
  1679 | D:2      | Reached skill level 4 in Spellcasting
  1851 | D:2      | Reached XP level 4. HP: 24/24 MP: 8/12
  2362 | D:3      | Reached skill level 5 in Spellcasting
  2375 | D:3      | Slain by an orc wizard

Vault maps used:
D:1:      dpeg_arrival_stonehenge_8_columns
D:2:      minmay_wonky_spiral
D:3:      cheibrodos_sewer_entry_sluice, grunt_dithmenos_smoke_and_mirrors

Skill      XL: |  1  2  3  4 |
---------------+-------------+-----
Conjurations   | 2 |  2.3
Fire Magic     | 4 |  4.3
Spellcasting   | 4 5 |  5.0
Dodging        | |  2.4
Stealth        | |  2.4

Action                   |  1- 3 |  4- 6 || total
-------------------------+-------+-------++-------
Melee: Short sword       |    18 |       ||    18
       Dagger            |       |     5 ||     5
 Cast: Flame Tongue      |    57 |    31 ||    88
       Throw Flame       |    12 |     3 ||    15
       Conjure Flame     |       |     1 ||     1
       Inner Flame       |       |     1 ||     1
  Use: Scroll            |     2 |     1 ||     3
       Potion            |       |     4 ||     4
 Stab: Sleeping          |     1 |     1 ||     2
  Eat: Chunk             |     3 |     2 ||     5
Armor: Robe              |     3 |     4 ||     7
Dodge: Dodged            |    30 |    12 ||    42

Table legend:
 A = Spawn XP
 B = Non-spawn XP
 C = Spawn XP percentage of total XP
 D = Spawn monster count
 E = Non-spawn monster count
 F = Spawn count percentage of total count
 G = Total turns spent on level
                    A         B        C        D         E        F      G
               +---------+---------+-------+---------+---------+-------+---------
         Total |      32 |     131 |  19.6 |      10 |      47 |  17.5 |  2375
               +---------+---------+-------+---------+---------+-------+---------
           D:1 |       3 |      19 |  13.6 |       2 |      11 |  15.4 |  1068
           D:2 |      27 |      82 |  24.8 |       7 |      28 |  20.0 |  1236
           D:3 |       2 |      30 |   6.2 |       1 |       8 |  11.1 |    71
               +---------+---------+-------+---------+---------+-------+---------
